 Dungeon Crawl Stone Soup version 0.25.1-2-g60ff931df9 (webtiles) character file.

Game seed: 7679539139621648329

357 Peloso the Covered (level 6, -4/56 HPs)
             Began as a Minotaur Fighter on Aug 25, 2020.
             Killed by divine providence
             ... invoked by an orc priest
              (11 damage)
             ... on level 5 of the Dungeon.
             The game lasted 00:06:59 (3832 turns).

Peloso the Covered (Minotaur Fighter)               Turns: 3832, Time: 00:07:02

Health: -4/56      AC: 10    Str: 21    XL:     6   Next: 37%
Magic:  5/5        EV:  8    Int:  5    God:
Gold:   267        SH: 10    Dex: 11    Spells: 5/5 levels left

rFire    . . .     SeeInvis .   a - +0 long sword
rCold    . . .     Gourm    .   c - +0 kite shield
rNeg     . . .     Faith    .   b - +0 scale mail
rPois    .         Spirit   .   (helmet restricted)
rElec    .         Reflect  .   r - +0 cloak (curse)
rCorr    .         Harm     .   u - +1 pair of gloves
MR       .....                  (no boots)
Stlth    ..........             l - amulet of inaccuracy (curse)
HPRegen  0.18/turn              (no ring)
MPRegen  0.09/turn              (no ring)

@: no status effects
A: retaliatory headbutt, horns 2
a: no special abilities


You were on level 5 of the Dungeon.
You were hungry.

You visited 1 branch of the dungeon, and saw 5 of its levels.

You collected 267 gold pieces.

Inventory:

Hand Weapons
 a - a +0 long sword (weapon)
Missiles
 h - 70 bolts
Armour
 b - a +0 scale mail (worn)
 c - a +0 kite shield (worn)
 r - a cursed +0 cloak (worn)
 u - a +1 pair of gloves (worn)
Jewellery
 l - a cursed amulet of inaccuracy (around neck)
Wands
 i - a wand of clouds (5)
 k - a wand of random effects (18)
Scrolls
 e - 2 scrolls of identify
 p - 2 scrolls of teleportation
 q - a scroll of amnesia {unknown}
 s - a scroll of fog
 t - a scroll of enchant weapon {unknown}
 x - a scroll of remove curse {unknown}
Potions
 d - 3 potions of might
 g - a potion of haste
 j - 2 potions of heal wounds {unknown}
 m - a potion of mutation {unknown}
 n - a potion of brilliance {unknown}
 o - 2 potions of curing
 w - a potion of stabbing {unknown}
Comestibles
 f - 5 rations


   Skills:
 + Level 5.0 Fighting
 + Level 4.7 Long Blades
 + Level 5.1 Armour
 + Level 1.7 Dodging
 + Level 0.5 Stealth
 + Level 5.0 Shields
 + Level 0.2 Unarmed Combat


You had 5 spell levels left.
You didn't know any spells.
Your spell library contained the following spells:

 Spells                   Type           Power        Failure   Level  Hunger
 Confusing Touch          Hex            #.......     100%        3    ####...
 Gell's Gravitas          Tloc           #.........   100%        3    ####...
 Petrify                  Tmut/Erth      #.......     100%        4    #####..
 Metabolic Englaciation   Hex/Ice        #.........   100%        5    ######.
 Yara's Violent Unravell  Hex/Tmut       #.........   100%        5    ######.


Dungeon Overview and Level Annotations

Branches:
Dungeon (5/15)             Temple (0/1) D:5

Altars:
Ashenzari
Makhleb
Uskayaw
Vehumet
Xom


Innate Abilities, Weirdness & Mutations

You reflexively headbutt those who attack you in melee.
You have a pair of horns on your head.


Message History

You barely miss something. You headbutt something.
Something hits you but does no damage.
You miss something.
You hear some strange, mumbled words.
A magic dart appears from out of thin air!
The magic dart hits you.
* * * LOW HITPOINT WARNING * * *
You miss something. Something hits you but does no damage.
You completely miss something. You block something's attack.
Something hits you but does no damage.
You closely miss something. Something hits you but does no damage.
You completely miss something. Something completely misses you.
You completely miss something. Your headbutt misses something.
You hear some strange, mumbled words.
A puff of flame appears from out of thin air!
The puff of flame hits you!
* * * LOW HITPOINT WARNING * * *
The orc priest calls down the wrath of Beogh upon you.
Beogh smites you!
You die...

#.####.........#
...............#
#
...............#
#.
.####.###...####
.# .# #.# #...#
##.
##.####.###...#
##...
#............##
#....#
.#####.######
#.>..#..# #@#
#.....#.# #{#
#...##...# #o#
... ##o.####o# #
##......#
#.o##### ...#.#
.......#
########


You could see an orc priest and an orc.

Vanquished Creatures
  A scorpion (D:4)
  3 hounds
  Terence (D:3)
  8 adders
  3 gnolls (D:2)
  A howler monkey skeleton (D:5)
  An ooze (D:2)
  2 worms
  4 dart slugs
  5 leopard geckos
  An orc (D:3)
  9 bats
  5 giant cockroaches
  4 goblins
  4 hobgoblins
  4 jackals (D:1)
  A quokka (D:2)
  6 ball pythons
  2 frilled lizards
  4 kobolds
  A rat (D:1)
70 creatures vanquished.

Notes
Turn   | Place    | Note
-------+----------+-------------------------------------------
     0 | D:1      | Peloso the Minotaur Fighter began the quest for the Orb.
     0 | D:1      | Reached XP level 1. HP: 19/19 MP: 0/0
   140 | D:1      | Reached XP level 2. HP: 27/27 MP: 1/1
   666 | D:2      | Reached XP level 3. HP: 28/33 MP: 0/2
   929 | D:2      | Found a shimmering altar of Xom.
  1013 | D:2      | Found a shimmering altar of Xom.
  1295 | D:2      | Reached XP level 4. HP: 39/40 MP: 3/3
  1515 | D:2      | Found a burning altar of Makhleb.
  1766 | D:2      | Reached XP level 5. HP: 47/47 MP: 4/4
  2012 | D:3      | Found a shattered altar of Ashenzari.
  2151 | D:3      | Reached skill level 1 in Dodging
  2175 | D:3      | Found a hide-covered altar of Uskayaw.
  2177 | D:3      | Found a radiant altar of Vehumet.
  2286 | D:3      | Noticed Terence
  2298 | D:3      | Killed Terence
  3391 | D:4      | Reached XP level 6. HP: 55/55 MP: 5/5
  3490 | D:4      | Reached skill level 5 in Armour
  3704 | D:5      | Entered Level 5 of the Dungeon
  3728 | D:5      | Reached skill level 5 in Fighting
  3733 | D:5      | Reached skill level 5 in Shields
  3791 | D:5      | Found a staircase to the Ecumenical Temple.
  3832 | D:5      | Killed from afar by an orc priest

Illustrated notes

Levels and vault maps discovered:
D:1:      dpeg_arrival_rooms_c, layout_rooms, hangedman_abyss_or_decor_stabs
D:2:      layout_basic, makhleb_blood_cavern_becter, xom_butterflies, tgw_xom
D:3:      layout_loops_ring, grunt_temple_overflow_open,
          nicolae_ashenzari_panopticon, uniq_terence
D:4:      layout_basic, first_ration
D:5:      layout_loops_ring, kennysheep_mini_moat, minmay_temple_entry_wispy,
          serial_bayou_crossing, uniq_ijyb

Skill      XL: |  1  2  3  4  5  6 |
---------------+-------------------+-----
Shields        | 4 5 |  5.0
Armour         | 4 5 |  5.1
Fighting       | 4 5 |  5.0
Long Blades    | 3 4 |  4.7
Dodging        | 1 |  1.7
Stealth        | |  0.5
Unarmed Combat | |  0.2

Action                   |  1- 3 |  4- 6 || total
-------------------------+-------+-------++-------
Melee: Long sword        |    80 |   176 ||   256
       Headbutt          |     9 |    18 ||    27
       Unarmed           |    11 |       ||    11
  Use: Scroll            |       |     4 ||     4
       Potion            |       |     1 ||     1
  Eat: Chunk             |     1 |     8 ||     9
Armor: Scale mail        |    48 |    94 ||   142
       Skin              |     1 |       ||     1
Dodge: Dodged            |    34 |    54 ||    88
Block: Kite shield       |    45 |    84 ||   129
       Rpst.: Long sword |     9 |    16 ||    25
